Map: Port Aleksander LE

Players

Odin

  • Race: Protoss Protoss
  • League: Gold
  • Spawn Location: 5:00

PinkStallion - Winner!

  • Race: Terran Terran
  • League: Gold
  • Spawn Location: 11:00

VOD

Have the link to the VOD?

Description

Time

  • Played on: Dec. 16, 2018, 8:42 a.m.
  • Length: 1:59
Show
View Real Time Build Order
Export as new Build Order

Odin Protoss 

Build Orders:  

Get SALT Encoding   

  12  0:11  Probe  
  13  0:17  Pylon  
  13  0:19  Probe  
  13  0:27  Probe  
  15  0:38  Forge  
  15  1:05  Pylon  
  15  1:07  Pylon  
  15  1:41  Pylon  
  15  1:44  Pylon  
  14  1:56  Pylon  
Show
View Real Time Build Order
Export as new Build Order

PinkStallion Terran - Winner!

Build Orders:  

Get SALT Encoding   

  12  0:01  SCV  
  13  0:13  SCV  
  14  0:18  Supply Depot  
  14  0:26  Refinery  
  14  0:29  SCV  
  15  0:43  Barracks  
  15  0:51  SCV  
  16  1:03  SCV  
  17  1:31  Marine  
  17  1:32  Supply Depot  
Tags
 
Add a new tag
Caveats
  • Supply blocks, unpowered buildings, or Contaminate may cause inaccurate times.
  • Supply counts are checked every 10 seconds.